 Dungeon Crawl Stone Soup version 0.27.1-2-g3b301248ec (webtiles) character file.

Game seed: 14904008135927881052

33 Mesmaeker13 the Caller (level 3, -2/24 HPs)
             Began as a Barachi Summoner on Sept 22, 2021.
             Slain by Natasha (6 damage)
             ... on level 2 of the Dungeon.
             The game lasted 00:01:43 (1969 turns).

Mesmaeker13 the Caller (Barachi Summoner)           Turns: 1969, Time: 00:01:44

Health: -2/24      AC:  2    Str:  9    XL:     3   Next: 29%
Magic:  4/7        EV: 12    Int: 16    God:
Gold:   42         SH:  0    Dex: 12    Spells: 6/7 levels left

rFire    . . .     SeeInvis .   g - +0 spear
rCold    . . .     Faith    .   (no shield)
rNeg     . . .     Spirit   .   a - +0 robe
rPois    .         Reflect  .   (no helmet)
rElec    .         Harm     .   (no cloak)
rCorr    .         Rampage  .   (no gloves)
Will     .....                  (no boots)
Stlth    ++........             (no amulet)
HPRegen  0.08/turn              (no ring)
MPRegen  0.10/turn              (no ring)

@: slow
A: amphibious, slowness 1, strong legs 1, +LOS
a: Hop


You were on level 2 of the Dungeon.
You visited 1 branch of the dungeon, and saw 2 of its levels.

You collected 42 gold pieces.

Inventory:

Hand Weapons
 g - a +0 spear (weapon)
Missiles
 b - 25 sling bullets
Armour
 a - a +0 robe (worn)
Scrolls
 c - a scroll of teleportation {unknown}
 e - a scroll of identify {unknown}
Potions
 f - a potion of berserk rage {unknown}


   Skills:
 + Level 2.9 Dodging
 - Level 1.7 Stealth
 + Level 2.8 Spellcasting
 + Level 5.2 Summonings


You had 6 spell levels left.
You knew the following spells:

 Your Spells              Type           Power      Damage    Failure   Level
a - Summon Small Mammal   Summ           76%        N/A       2%          1

Your spell library contained the following spells:

 Spells                   Type           Power      Damage    Failure   Level
 Call Imp                 Summ           19%        N/A       3%          2
 Call Canine Familiar     Summ           19%        N/A       7%          3
 Summon Guardian Golem    Hex/Summ       10%        N/A       19%         3
 Static Discharge         Conj/Air       2%         N/A       28%         2
 Summon Lightning Spire   Summ/Air       10%        N/A       54%         4
 Lightning Bolt           Conj/Air       1%         1d12      99%         5
 Maxwell's Capacitive Co  Air            1%         ∞         100%        8


Dungeon Overview and Level Annotations

Branches:
Dungeon (2/15)

Altars:

Annotations:
D:2 Natasha


Innate Abilities, Weirdness & Mutations

You are amphibious.
You cover ground slowly.
You can hop short distances.
You have an extended range of vision and can be seen from far away.


Message History

Natasha is lightly wounded.
Natasha stares at you and mumbles some strange words.
The magic dart hits you.
You could not reach far enough!
Natasha casts a spell at you.
Your rat resists with significant effort.
Your rat closely misses Natasha.
Unknown command.
Casting: Summon Small Mammal (safe; 2% risk of failure)
Confirm with . or Enter, or press ? or * to list all spells.
Natasha claws your rat but does no damage.
Your rat barely misses Natasha.
Natasha claws your rat.
Your rat dies!
Your rat's corpse disappears in a puff of smoke!
Unknown command.
You could not reach far enough!
Natasha closely misses your quokka.
Your quokka bites Natasha but does no damage.
You reach to attack!
You barely miss Natasha.
Natasha is lightly wounded.
Natasha mumbles some strange words.
Your quokka barely misses Natasha.
Natasha claws your quokka.
You could not reach far enough!
Your quokka barely misses Natasha.
Your quokka closely misses Natasha.
Natasha completely misses your quokka.
You reach to attack!
You barely miss Natasha.
Natasha is lightly wounded.
Your quokka closely misses Natasha.
Natasha claws your quokka.
Your quokka dies!
Your quokka's corpse disappears in a puff of smoke!
You reach to attack!
You hit Natasha.
Natasha is moderately wounded.
Natasha stares at you and mumbles some strange words.
The magic dart hits you.
Casting: Summon Small Mammal (safe; 2% risk of failure)
Confirm with . or Enter, or press ? or * to list all spells.
The shadow imp gestures at you. Pain shoots through your body!
* * * LOW HITPOINT WARNING * * *
Natasha claws you.
You die...

.♣♣♣♣...........#
♣♣
♣.♣♣.#..##..#⌠oo
.♣♣♣ ♣.#......#ogg
♣..♣♣♣♣♣.##.##..#
g .♣♣♣.♣
..##...§.##
.♣♣.♣♣♣..##..#
..########
.♣..._♣♣.##..#
#.5.......
..♣♣♣.♣♣.###.###h#
♣♣.♣.♣♣♣.###...r@#
♣♣♣♣♣.♣♣..##.#)###
..♣####♣..##.#.#
...............#
############.###
#.# #.# #.# ...


You could see Natasha (ally target), a shadow imp (summoned) and a friendly
quokka (summoned).

Vanquished Creatures
  2 bats (D:1)
  An endoplasm (D:1)
  A jackal (D:1)
  A ball python (D:1)
  A frilled lizard (D:1)
  3 rats (D:1)
9 creatures vanquished.

Vanquished Creatures (collateral kills)
  A gnoll (D:1)
  2 dart slugs (D:1)
  4 endoplasms (D:1)
  2 giant cockroaches (D:1)
  5 goblins
  2 hobgoblins (D:1)
  2 jackals (D:1)
  2 kobolds (D:1)
  A quokka (D:1)
  A frilled lizard (D:1)
  A rat (D:1)
23 creatures vanquished.

Grand Total: 32 creatures vanquished

Notes
Turn   | Place    | Note
-------+----------+-------------------------------------------
     0 | D:1      | Mesmaeker13 the Barachi Summoner began the quest for the
                  | Orb.
     0 | D:1      | Reached XP level 1. HP: 13/13 MP: 3/3
   310 | D:1      | Reached skill level 5 in Summonings
   310 | D:1      | Reached XP level 2. HP: 16/19 MP: 1/5
  1269 | D:1      | Reached XP level 3. HP: 21/24 MP: 5/7
  1895 | D:2      | Found a faded altar of an unknown god.
  1953 | D:2      | Noticed Natasha
  1969 | D:2      | Slain by Natasha

Illustrated notes

Levels and vault maps discovered:
D:1:      evilmike_arrival_crescent, layout_basic, minmay_tromino_mix6
D:2:      cheibrodos_pilgrimage, layout_loops_ring, basic_altar,
          chequers_ecumenical_altar_grove, guppyfry_early_lair_pool,
          uniq_jessica, uniq_robin, uniq_natasha

Skill      XL: |  1 |
---------------+----+-----
Summonings     | 5 |  5.2
Dodging        | |  2.9
Stealth        | |  1.7
Spellcasting   | |  2.8

Action                   || total
-------------------------++-------
Melee: Dagger            ||    64
       Unarmed           ||     5
       Spear             ||     4
 Cast: Summon Small Mamm ||    38
Armor: Robe              ||    25
Dodge: Dodged            ||    77
